 Dungeon Crawl Stone Soup version 0.29-a0-330-g52719c12eb (webtiles) character file.

Game seed: 828074206607261977

377 Leszczynek the Chopper (level 7, 38/54 HPs)
             Began as a Human Gladiator on Apr 16, 2022.
             Was a Follower of Okawaru.
             Quit the game on level 5 of the Dungeon.
             The game lasted 00:09:52 (1471 turns).

Leszczynek the Chopper (Human Gladiator)            Turns: 1471, Time: 00:09:53

Health: 38/54      AC:  6    Str: 16    XL:     7   Next: 4%
Magic:  7/7        EV: 12    Int:  8    God:    Okawaru [*.....]
Gold:   243        SH:  0    Dex: 17    Spells: 2/6 levels left

rFire   . . .      SeeInvis .   a - +0 war axe
rCold   + . .      Faith    .   (no shield)
rNeg    . . .      Spirit   .   i - +0 ring mail
rPois   .          Reflect  .   c - +0 helmet
rElec   .          Harm     .   (no cloak)
rCorr   .          Rampage  .   (no gloves)
Will    .....                   (no boots)
Stlth   +.........              (no amulet)
HPRegen 0.18/turn               j - ring of protection from cold
MPRegen 0.10/turn               (no ring)

@: mildly poisoned (38 -> 35)
A: agile 1, MP-powered wands
a: Renounce Religion, Heroism


You were on level 5 of the Dungeon.
You worshipped Okawaru.
Okawaru was aware of your devotion.
You visited 2 branches of the dungeon, and saw 7 of its levels.
You also visited: Sewer.

You collected 243 gold pieces.

Inventory:

Hand Weapons
 a - a +0 war axe (weapon)
Missiles
 d - 2 throwing nets (quivered)
 k - 5 boomerangs
 p - 4 poisoned darts
Armour
 b - a +0 leather armour
 c - a +0 helmet (worn)
 i - a +0 ring mail (worn)
Jewellery
 j - a ring of protection from cold (left hand)
Wands
 n - a wand of iceblast (10)
Scrolls
 g - a scroll of immolation {!r}
 h - a scroll of vulnerability {!r}
 l - a scroll of fog


   Skills:
 * Level 4.2 Fighting
 * Level 4.8 Axes
 + Level 3.3 Throwing
 + Level 4.0 Dodging


You had 2 spell levels left.
You knew the following spells:

 Your Spells              Type           Power      Damage    Failure   Level
d - Passage of Golubria   Tloc           0%         N/A       100%        4

Your spell library contained the following spells:

 Spells                   Type           Power      Damage    Failure   Level
 Yara's Violent Unravell  Hex/Tmut       0%         3d3       100%        5
 Tukima's Dance           Hex            Unusable   N/A       N/A         3

Dungeon Overview and Level Annotations

Branches:
Dungeon (6/15)             Temple (1/1) D:4           Sewer (visited)

Altars:
Ashenzari
Cheibriados
Dithmenos
Elyvilon
Hepliaklqana
Kikubaaqudgha
Nemelex Xobeh
Okawaru
Ru
Sif Muna
Trog
Uskayaw
Vehumet
Wu Jian
Yredelemnul
Zin
The Shining One


Innate Abilities, Weirdness & Mutations

You are agile. (Dex +2)
You expend magic power (3 MP) to strengthen your wands.


Message History

Blink to where?
Press: ? - help, Dir - move target
As you read the scroll labelled VAKHUNN DAIS, it crumbles to dust.
It was a scroll of blinking.
The orc throws a stone.
The stone hits you but does no damage.
Found a short sword.
Unknown command.
Found 20 stones and 14 gold pieces.
The white imp grins evilly.
The white imp barely misses you.
You slash the white imp!
You kill the white imp!
Okawaru accepts your kill.
You can now gain great but temporary skills.
An adder comes into view.
The adder hisses angrily.
The orc hits you but does no damage.
Unknown command.
The orc attacks as you move away! The orc misses you.
The orc attacks as you move away! The orc hits you with a +0 short sword.
Found 2 boomerangs.
The orc attacks as you move away! The orc hits you with a +0 short sword.
The adder attacks as you move away! The adder bites you but does no damage.
The adder misses you.
A water moccasin comes into view.
The water moccasin hisses angrily.
The adder attacks as you move away! The adder bites you but does no damage.
The adder closely misses you.
A gnoll comes into view. It is wielding a +0 spear.
The gnoll shouts!
You hear a shout! x3
The adder attacks as you move away! The adder bites you.
You are poisoned.
The adder poisons you!
A gnoll shaman and a gnoll come into view.
You feel sick.
The gnoll shouts!
The shadow slips into darkness.
The shadow flickers and vanishes!
Deactivating autopickup; reactivate with Ctrl-A.
Are you sure you want to abandon this character and quit the game? (Confirm with "yes".)

#..... ......... #
####.#### .. #....#
... ######....# ....
#......)..# .....
#.........#
##...######.........#
#...g.@o.o...{.....##
#....#.S.....$(###.#
#..g #(S.......# #.#
#.g #.........# #.#
... #.........# #.#
## #.........# #.#
#.........# #W####
#.........# #.....
#.....


You could see a water moccasin, a gnoll shaman, 2 gnolls, an adder and 2 orcs.

Vanquished Creatures
  A water moccasin (Sewer)
  A necrophage (D:6)
  A hound (D:6)
  2 iguanas
  3 gnolls (D:3)
  4 adders
  A white imp (D:5)
  2 worms
  2 dart slugs
  An orc (D:3)
  7 ball pythons
  4 endoplasms
  A giant cockroach (D:1)
  A goblin (D:1)
  2 hobgoblins
  3 jackals (D:2)
  2 quokkas
  8 bats
  A frilled lizard (D:3)
  2 kobolds (D:1)
  3 rats
52 creatures vanquished.

Notes
Turn   | Place    | Note
-------+----------+-------------------------------------------
     0 | D:1      | Leszczynek the Human Gladiator began the quest for the Orb.
     0 | D:1      | Reached XP level 1. HP: 16/16 MP: 1/1
    63 | D:1      | Reached XP level 2. HP: 22/22 MP: 2/2
   297 | D:2      | Reached XP level 3. HP: 28/28 MP: 3/3
   432 | D:3      | HP: 4/28 [gnoll/+0 whip (5)]
   441 | D:3      | Reached XP level 4. HP: 22/34 MP: 4/4
   523 | D:3      | Found a faded altar of an unknown god.
   554 | D:2      | Identified the +9 dagger "Ympops" {vorpal, rC+ Will+ rCorr
                  | Stlth+}
   575 | D:3      | Gained mutation: You are agile. (Dex +2) [potion of
                  | mutation]
   575 | D:3      | Gained mutation: You expend magic power (3 MP) to
                  | strengthen your wands. [potion of mutation]
   578 | D:3      | Reached skill level 3 in Fighting
   643 | D:3      | Found a glowing silver altar of Zin.
   726 | D:4      | Reached XP level 5. HP: 31/41 MP: 5/5
   749 | D:4      | Reached skill level 4 in Axes
   801 | D:4      | Found a staircase to the Ecumenical Temple.
   807 | Temple   | Entered the Ecumenical Temple
   869 | Temple   | Became a worshipper of Warmaster Okawaru
  1021 | D:5      | Entered Level 5 of the Dungeon
  1065 | D:5      | Noticed a shadow
  1097 | D:6      | Reached skill level 3 in Throwing
  1097 | D:6      | Reached XP level 6. HP: 29/47 MP: 6/6
  1171 | D:6      | Found a glowing drain.
  1180 | Sewer    | Entered a sewer
  1216 | Sewer    | Noticed a water moccasin
  1226 | Sewer    | Killed a water moccasin
  1227 | Sewer    | Reached skill level 4 in Fighting
  1244 | Sewer    | Learned a level 4 spell: Passage of Golubria
  1306 | D:6      | Noticed a black bear
  1365 | D:6      | Reached skill level 4 in Dodging
  1365 | D:6      | Reached XP level 7. HP: 28/54 MP: 7/7
  1458 | D:5      | Reached * piety under Okawaru
  1466 | D:5      | Noticed a water moccasin
  1471 | D:5      | Quit the game

Illustrated notes

Levels and vault maps discovered:
D:1:      dpeg_arrival_shrine, layout_basic
D:2:      layout_rooms, basic_altar, lemuel_old_faithful, uniq_natasha
D:3:      layout_loops_corners, zin_academy,
          hellmonk_ecumenical_altar_inner_sanctum, kennysheep_potato
D:4:      layout_layer_cave, minmay_temple_entry_nine_rooms,
          eino_small_chamber_without_monster
D:5:      layout_basic, uniq_ijyb
D:6:      layout_basic, portal_sewer_entry_d, minmay_misc_feat_diagonals,
          solitary_fountain, minmay_joined_circles
Temple:   mainiacjoe_temple_circle_huts

Skill      XL: |  1  2  3  4  5  6 |
---------------+-------------------+-----
Fighting       | 3 4 |  4.2
Axes           | 4 |  4.8
Throwing       | 3 |  3.3
Dodging        | 4 |  4.0

Action                   |  1- 3 |  4- 6 |  7- 9 || total
-------------------------+-------+-------+-------++-------
Melee: War axe           |    78 |   100 |     1 ||   179
       Punch             |       |     1 |       ||     1
Throw: Throwing net      |     1 |     7 |       ||     8
       Javelin           |     1 |       |       ||     1
  Use: Potion            |     1 |     3 |     1 ||     5
       Scroll            |       |     3 |     4 ||     7
 Stab: Held in net/web   |       |     1 |       ||     1
Armor: Leather armour    |     7 |       |       ||     7
       Ring mail         |    33 |    35 |     5 ||    73
Dodge: Dodged            |    45 |    69 |     6 ||   120

Table legend: (Time is in decaauts)
 A = Elapsed time spent in this place.
 B = Non-inter-level travel time spent in this place.
 C = Inter-level travel time spent in this place.
 D = Time resting spent in this place.
 E = Time spent auto-exploring this place.
 F = Levels seen in this place.
 G = Mean time per level.
                   A        B        C        D        E       F      G
               +--------+--------+--------+--------+--------+-----+--------+
         Total |   1541 |   1465 |     76 |      0 |      0 |   8 |  192.6 |
       Dungeon |   1331 |   1255 |     76 |      0 |      0 |   6 |  221.8 |
        Temple |    106 |    106 |      0 |      0 |      0 |   1 |  106.0 |
         Sewer |    103 |    103 |      0 |      0 |      0 |   1 |  103.0 |
               +--------+--------+--------+--------+--------+-----+--------+

Top non-repeatable levels by time:
     D:3: 338 daAuts
     D:1: 279 daAuts
     D:4: 256 daAuts
     D:6: 251 daAuts
     D:5: 122 daAuts
  Temple: 106 daAuts
   Sewer: 103 daAuts
     D:2: 83 daAuts
